 Dungeon Crawl Stone Soup version 0.31-a0-965-g8a8ce12e04 (webtiles) character file.

Game seed: 409729227501154565

28732 ragingrage the Brawler (level 13, -8/140 HPs)
             Began as a Troll Monk on Oct 26, 2023.
             Was a Priest of Ru.
             Mangled by an eight-headed hydra (9 damage)
             ... on level 1 of the Lair of Beasts.
             The game lasted 00:16:06 (12183 turns).

ragingrage the Brawler (Troll Monk)                Turns: 12183, Time: 00:16:07

Health: -8/140     AC:  6    Str: 26    XL:     13   Next: 11%
Magic:  0/10       EV: 10    Int:  6    God:    Ru [***...]
Gold:   723        SH:  0    Dex: 12    Spells: 12/12 levels left

rFire   . .          .
                       - Unarmed
rCold   + . .        c - orb {light}
rNeg    . . .        Q - +0 troll leather armour
rPois   +            (helmet restricted)
rElec   .            S - +0 cloak
rCorr   .            (gloves unavailable)
SInv    .            (boots unavailable)
Will    .....        e - amulet of guardian spirit Stlth
                     k - ring of poison resistance
HPRegen 2.03/turn    l - ring of protection from cold
MPRegen 0.12/turn

%: guardian spirit
@: glowing
A: large, unfitting armour, claws 3, low MP 1, regeneration 1, shaggy fur 1,
tough skin 1, no stealth, inability to train armour, no hexes magic, no ice
magic, no necromancy magic
a: Renounce Religion, Draw Out Power


You were on level 1 of the Lair of Beasts.
You worshipped Ru.
Ru was most pleased with you.
You visited 3 branches of the dungeon, and saw 14 of its levels.
You also visited: Ossuary and Bailey.

You collected 723 gold pieces.

Inventory:

Hand Weapons
 r - a +1 trident of venom
 T - a +4 scimitar of flaming
Missiles
 i - 25 poisoned darts
 x - a throwing net
 C - 10 large rocks
 D - 10 atropa-tipped darts
 I - 16 boomerangs (quivered)
 K - 5 curare-tipped darts
Armour
 c - an orb of light (worn)
 y - a scarf of resistance
 F - +0 steam dragon scales
 Q - a +0 troll leather armour (worn)
 S - a +0 cloak (worn)
Jewellery
 e - an amulet of guardian spirit (around neck)
 k - a ring of poison resistance (left claw)
 l - a ring of protection from cold (right claw)
 t - a ring of positive energy
 u - a ring of flight
Wands
 m - a wand of iceblast (45)
 B - a wand of flame (19)
 M - a wand of charming (10)
 P - a wand of polymorph (11)
Scrolls
 a - 2 scrolls of fear {unknown}
 g - 4 scrolls of noise
 h - 2 scrolls of vulnerability
 j - a scroll of acquirement {unknown}
 o - a scroll of butterflies
 q - 3 scrolls of enchant weapon
 s - 7 scrolls of teleportation
 v - a scroll of brand weapon
 A - a scroll of immolation
 G - 5 scrolls of fog
 J - 4 scrolls of revelation {unknown}
 N - 2 scrolls of poison
Potions
 b - 3 potions of ambrosia
 d - 10 potions of curing
 n - 2 potions of mutation
 p - 3 potions of brilliance
 w - a potion of berserk rage {unknown}
 z - 3 potions of attraction
 E - a potion of heal wounds
 H - a potion of might
 L - a potion of haste
 O - 2 potions of magic {unknown}
 R - 5 potions of resistance {unknown}


   Skills:
 + Level 12.1 Fighting
 - Level 6.1 Throwing
 - Level 2.4 Dodging
 + Level 15.1 Unarmed Combat
 + Level 5.0 Evocations


You had 12 spell levels left.
You didn't know any spells.
Your spell library contained the following spells:

 Spells                   Type           Power      Damage    Failure   Level
 Apportation              Tloc           0%         N/A       50%         1
 Summon Small Mammal      Summ           0%         N/A       50%         1
 Blink                    Tloc           0%         N/A       65%         2
 Lesser Beckoning         Tloc           0%         N/A       65%         2
 Momentum Strike          Conj/Tloc      0%         3d8       65%         2
 Static Discharge         Conj/Air       0%         3-3/arc   65%         2
 Airstrike                Air            0%         2d(0-16)  99%         4
 Summon Lightning Spire   Summ/Air       0%         N/A       99%         4
 Malign Gateway           Summ/Tloc      0%         N/A       100%        7
 Summon Horrible Things   Summ           0%         N/A       100%        8
 Necrotise                Necr           Unusable   1d4       N/A         1

Dungeon Overview and Level Annotations

Branches:
Dungeon (11/15)            Temple (1/1) D:6            Lair (2/5) D:11
 Spider (0/4) Lair:2          Orc (0/2) D:9         Ossuary (visited)
 Bailey (visited)
  Swamp: Lair:2-3    Shoals: Lair:2-3

Altars:
Ashenzari
Cheibriados
Dithmenos
Elyvilon
Fedhas
Gozag
Hepliaklqana
Kikubaaqudgha
Makhleb
Nemelex Xobeh
Okawaru
Qazlal
Ru
Sif Muna
Trog
Uskayaw
Vehumet
Wu Jian
Xom
Yredelemnul
Zin
The Shining One

Annotations:
D:2 Sigmund
D:3 3 runed translucent doors, perezv8180's ghost, weakling TrMo
D:6 Jeremiah
Lair:2 exclusion: eleionoma


Innate Abilities, Weirdness & Mutations

You are too large for most types of armour.
You have claws for hands.
Your magical capacity is low. (-10% MP)
Your natural rate of healing is unusually fast.
You are covered in fur. (AC +1)
You have tough skin. (AC +1)
You cannot be stealthy.
You cannot train Armour skill.
You cannot study or cast Hexes magic.
You cannot study or cast Ice magic.
You cannot study or cast Necromancy magic.


Message History

The eight-headed hydra barely misses you.
The eight-headed hydra bites you.
The eight-headed hydra closely misses you.
The eight-headed hydra bites you.
Throw: 16 boomerangs
Press: ? - help, Q - select action, (/) - cycle Shift-Dir - straight line, f/p - eight-headed hydra
Aim: an eight-headed hydra (heavily wounded, haloed, 97% to hit)
You throw a boomerang.
The boomerang hits the eight-headed hydra!
The eight-headed hydra closely misses you.
The eight-headed hydra bites you. x2
The eight-headed hydra bites you but does no damage.
The eight-headed hydra bites you. The eight-headed hydra bites you! x3
Throw: 16 boomerangs
Press: ? - help, Q - select action, (/) - cycle Shift-Dir - straight line, f/p - eight-headed hydra
Aim: an eight-headed hydra (severely wounded, haloed, 97% to hit)
You throw a boomerang.
The boomerang hits the eight-headed hydra!
The eight-headed hydra bites you!
* * * LOW HITPOINT WARNING * * *
The eight-headed hydra bites you.
* * * LOW HITPOINT WARNING * * *
The eight-headed hydra bites you!
* * * LOW HITPOINT WARNING * * *
The eight-headed hydra bites you.
* * * LOW HITPOINT WARNING * * *
The eight-headed hydra bites you!
* * * LOW HITPOINT WARNING * * *
The eight-headed hydra bites you!
* * * LOW HITPOINT WARNING * * *
The eight-headed hydra bites you but does no damage.
The eight-headed hydra closely misses you.
You feel much better. The eight-headed hydra bites you.
* * * LOW HITPOINT WARNING * * *
The eight-headed hydra bites you.
* * * LOW HITPOINT WARNING * * *
The eight-headed hydra bites you!
* * * LOW HITPOINT WARNING * * *
The eight-headed hydra bites you!
You die...

~~~#....#######..........# .....
~~~~....## ##.....>....# ..
~~~#.....### #............
##.#.......# ##.........
......#....# #..P###..#
......#...)# ##.## ..
...........# #.## #. ...#.....
....###....# #..# #..#.........
....##P....## #@## #..#.........
#....##.....# #.D#. ..#.........
....###.....# ...... ...........
....##......# #....... ..........
#...............####...#.........
###.#..P####.#.. ..#.......... #
###..## #### #...#...†).... #
#..# #..####D.#P### #..# #. #†.#


You could see an eight-headed hydra.

Vanquished Creatures
  6 two-headed ogres
  A centaur warrior (D:11)
  Pikel (D:5)
  A cyclops (D:11)
  4 manticores (D:11)
  An orc knight (Bailey)
  4 cane toads
  An orange demon (Lair:1)
  2 unseen horrors
  A rime drake (Lair:1)
  3 komodo dragons
  2 trolls
  A hornet (D:11)
  A queen bee (D:11)
  A meliai (D:11)
  A polar bear (Lair:2)
  A blink frog (Lair:2)
  Prince Ribbit (D:8)
  A jumping spider (Lair:2)
  2 wyverns
  2 wraiths (Ossuary)
  36 yaks
  A fire bat (D:10)
  A fire elemental (Lair:1)
  4 steam dragons
  A basilisk (D:11)
  Edmund (D:5)
  An acid dragon (D:11)
  21 orc warriors
  11 water moccasins
  2 black bears
  3 sky beasts
  2 centaurs
  3 ogres
  3 wolves (Lair:1)
  A lemure (D:5)
  2 phantoms
  Blork the orc (Temple)
  8 bullfrogs
  4 kobold brigands
  A gnoll sergeant (D:11)
  A scorpion (D:4)
  14 wights
  36 killer bees
  An electric eel (Lair:1)
  A howler monkey (D:6)
  A centaur zombie (Ossuary)
  2 jellies (D:6)
  7 orc priests
  A hound (D:6)
  4 iguanas
  Jessica (D:2)
  A sleepcap (D:6)
  Terence (D:2)
  11 orc wizards
  5 hell rats (Lair:2)
  A mummy (D:8)
  Robin (D:2)
  7 gnolls
  4 adders
  A shadow imp (D:5)
  A white imp (D:7)
  12 ufetubi
  An adder zombie (Ossuary)
  A worm (D:4)
  2 dart slugs
  44 orcs
  8 endoplasms
  3 giant cockroaches
  37 goblins
  12 hobgoblins
  2 jackals (D:4)
  22 kobolds
  4 quokkas
  6 ball pythons
  A ball python skeleton (Ossuary)
  3 bats
  5 frilled lizards
  A hobgoblin skeleton (Ossuary)
  2 hobgoblin zombies
  3 kobold zombies
  An orc skeleton (Ossuary)
  An orc zombie (D:8)
  5 rats
423 creatures vanquished.

Vanquished Creatures (collateral kills)
  Amaemon (Lair:1)
  2 komodo dragons
  A scorpion (Lair:2)
4 creatures vanquished.

Vanquished Creatures (others)
  A pharaoh ant (Lair:2)
  An ugly thing (D:11)
  An efreet (D:11)
  A killer bee (D:11)
  2 orcs (D:7)
  A kobold (D:9)
7 creatures vanquished.

Grand Total: 434 creatures vanquished

Notes
Turn   | Place    | Note
-------+----------+-------------------------------------------
     0 | D:1      | ragingrage the Troll Monk began the quest for the Orb.
     0 | D:1      | Reached XP level 1. HP: 22/22 MP: 0/0
   203 | D:1      | Reached XP level 2. HP: 29/29 MP: 1/1
   367 | D:1      | You fall into a shaft and drop 1 floor!
   382 | D:2      | Noticed Robin
   427 | D:2      | Reached skill level 4 in Unarmed Combat
   548 | D:2      | Noticed Sigmund
   586 | D:3      | Reached XP level 3. HP: 36/36 MP: 2/2
   599 | D:3      | Found a runed translucent gate.
   599 | D:3      | Found a runed translucent gate.
   599 | D:3      | Found a runed translucent gate.
   600 | D:3      | Found an opulent altar of Gozag.
   603 | D:3      | Noticed perezv8180's ghost (weakling TrMo)
   662 | D:3      | Found a radiant altar of Vehumet.
   662 | D:3      | Found a sparkling altar of Nemelex Xobeh.
   669 | D:3      | Found a shimmering altar of Xom.
   671 | D:3      | Found a bloodstained altar of Trog.
   672 | D:3      | Found a white marble altar of Elyvilon.
  1179 | D:2      | Noticed Terence
  1194 | D:2      | Killed Terence
  1195 | D:2      | Reached XP level 4. HP: 37/44 MP: 3/3
  1229 | D:2      | Killed Robin
  1244 | D:2      | Reached skill level 5 in Unarmed Combat
  1520 | D:2      | Noticed Jessica
  1522 | D:2      | Killed Jessica
  1523 | D:2      | Reached XP level 5. HP: 45/53 MP: 4/4
  2344 | D:4      | Noticed an ogre
  2350 | D:4      | Killed an ogre
  2351 | D:4      | Reached XP level 6. HP: 61/62 MP: 5/5
  2438 | D:4      | Reached skill level 6 in Unarmed Combat
  2476 | D:4      | Reached skill level 7 in Unarmed Combat
  2704 | D:5      | Entered Level 5 of the Dungeon
  2712 | D:5      | Reached XP level 7. HP: 65/70 MP: 6/6
  2816 | D:5      | Noticed Pikel
  2828 | D:5      | Killed Pikel
  2829 | D:5      | Reached skill level 9 in Unarmed Combat
  2829 | D:5      | Reached XP level 8. HP: 51/78 MP: 7/7
  3189 | D:5      | Noticed Edmund
  3207 | D:5      | Killed Edmund
  3729 | D:7      | Found a flagged portal.
  3800 | Bailey   | Entered a bailey
  3929 | Bailey   | Reached skill level 10 in Unarmed Combat
  3991 | Bailey   | Noticed an orc knight
  4005 | Bailey   | Killed an orc knight
  4006 | Bailey   | Reached skill level 11 in Unarmed Combat
  4040 | Bailey   | Reached XP level 9. HP: 50/85 MP: 8/8
  4044 | Bailey   | Reached skill level 1 in Throwing
  4045 | Bailey   | Noticed an orc warlord
  4270 | D:6      | Noticed Jeremiah
  4356 | D:6      | Reached skill level 5 in Fighting
  4542 | D:6      | Found a staircase to the Ecumenical Temple.
  4549 | Temple   | Entered the Ecumenical Temple
  4566 | Temple   | Became a worshipper of Ru the Awakened
  4575 | Temple   | Gained mutation: You cannot train Armour skill. [Ru
                  | sacrifice]
  4575 | Temple   | Reached * piety under Ru
  4628 | D:6      | Noticed Blork the orc
  4678 | Temple   | Killed Blork the orc
  5256 | D:6      | Found an ornate altar of the Wu Jian Council.
  5296 | D:6      | Reached skill level 12 in Unarmed Combat
  5676 | D:7      | Reached XP level 10. HP: 90/98 MP: 7/9
  6452 | D:8      | Noticed Prince Ribbit
  6465 | D:8      | Killed Prince Ribbit
  6466 | D:8      | Reached skill level 5 in Throwing
  6537 | D:8      | Found a sand-covered staircase.
  6574 | Ossuary  | Entered an ossuary
  6757 | Ossuary  | Gained mutation: Your magical capacity is low. (-10% MP)
                  | [Ru sacrifice]
  6757 | Ossuary  | Reached ** piety under Ru
  7203 | D:8      | Reached skill level 13 in Unarmed Combat
  7308 | D:9      | Noticed a two-headed ogre
  7432 | D:9      | Killed a two-headed ogre
  7438 | D:9      | Reached XP level 11. HP: 63/111 MP: 4/8
  7662 | D:9      | Reached skill level 1 in Evocations
  7882 | D:9      | Found a staircase to the Orcish Mines.
  7981 | D:10     | Entered Level 10 of the Dungeon
  8006 | D:10     | Noticed Sonja
  8009 | D:10     | Sonja changed into Sonja the fire bat
  8009 | D:10     | Noticed Sonja
  8134 | D:10     | Killed Sonja the fire bat
  8290 | D:10     | Noticed a two-headed ogre
  8300 | D:10     | Killed a two-headed ogre
  8831 | D:10     | Noticed a two-headed ogre
  8841 | D:10     | Killed a two-headed ogre
  8979 | D:11     | Gained mutation: You cannot study or cast Ice magic. [Ru
                  | sacrifice]
  8979 | D:11     | Gained mutation: You cannot study or cast Hexes magic. [Ru
                  | sacrifice]
  8979 | D:11     | Gained mutation: You cannot study or cast Necromancy magic.
                  | [Ru sacrifice]
  8979 | D:11     | Reached *** piety under Ru
  9187 | D:11     | Reached skill level 14 in Unarmed Combat
  9263 | D:11     | Noticed a two-headed ogre
  9272 | D:11     | Killed a two-headed ogre
  9384 | D:11     | Reached XP level 12. HP: 120/124 MP: 7/9
  9431 | D:11     | Noticed a two-headed ogre
  9435 | D:11     | Killed a two-headed ogre
  9839 | D:11     | Reached skill level 10 in Fighting
 10145 | D:11     | Identified the +2 scale mail of Curiosity {Regen+ Str+2
                  | Stlth+}
 10543 | D:11     | Found a staircase to the Lair.
 10557 | D:11     | Noticed a centaur warrior
 10573 | D:11     | Killed a centaur warrior
 10574 | D:11     | Reached skill level 15 in Unarmed Combat
 11000 | D:11     | Noticed a two-headed ogre
 11007 | D:11     | Killed a two-headed ogre
 11136 | Lair:1   | Entered Level 1 of the Lair of Beasts
 11203 | Lair:1   | Noticed an eight-headed hydra
 11206 | Lair:1   | Reached skill level 5 in Evocations
 11206 | Lair:1   | Noticed Amaemon
 11215 | Lair:1   | Killed Amaemon
 11223 | Lair:1   | You fall into a shaft and drop 1 floor!
 11223 | Lair:2   | Found a hole to the Spider Nest.
 11295 | Lair:2   | Noticed an eleionoma
 11486 | Lair:2   | Gained mutation: You cannot be stealthy. [Ru sacrifice]
 11955 | Lair:1   | Reached XP level 13. HP: 134/139 MP: 6/10
 12182 | Lair:1   | HP: 3/140 [eight-headed hydra (12)]
 12183 | Lair:1   | HP: 1/140 [eight-headed hydra (14)]
 12183 | Lair:1   | Mangled by an eight-headed hydra

Illustrated notes

Levels and vault maps discovered:
D:1:      tarquinn_simple_flora_water_c, layout_basic, serial_corexii_hall,
          corexii_hall_statues_i, corexii_hall_statues_t, bh_walls_and_bars
D:2:      layout_basic, uniq_terence, uniq_robin, uniq_sigmund, uniq_jessica
D:3:      layout_basic, chequers_temple_overflow_minitemple,
          ebering_ghost_gozag, fountainhead, hangedman_decor_push,
          kennysheep_path_1, minmay_misc_feat_rows, minmay_diced_spiral
D:4:      layout_cave_pools, chequers_serial_rivers_micro_c
D:5:      layout_loops_ring, minmay_misc_feat_nine_boxes, nicolae_the_louvre,
          uniq_pikel, uniq_edmund
D:6:      layout_basic, pdpol_wu_jian_five_deadly_venoms,
          minmay_temple_entry_sparse_star, minmay_ogre_servants,
          uniq_blork_the_orc, uniq_jeremiah
D:7:      layout_cave_pods, enter_bailey_2, minmay_misc_feat_chi
D:8:      layout_cave_pools, lightli_ossuary_entry_decrepit_ruins,
          minmay_mini_ossuary, uniq_prince_ribbit1
D:9:      layout_cave_pools, david_orc_4, serial_column_ruins,
          column_ruins_grid_3, column_ruins_grid_1,
          column_ruins_columns_straight, column_ruins_corridor_T,
          column_ruins_columns_straight, column_ruins_open_medium,
          column_ruins_columns_straight
D:10:     layout_roguey, uniq_sonja
D:11:     regret_index_tunnel_blossom, layout_loops_corners
Temple:   nicolae_temple_elliptical
Lair:1:   layout_gridlike, uniq_amaemon
Lair:2:   nzn_winding_woodlands_medium [nzn_winding_woodlands_5x5_checkerboard,
          nzn_winding_woodlands_5x15_jagged,
          nzn_winding_woodlands_5x5_open_star,
          nzn_winding_woodlands_5x5_perimeter,
          nzn_winding_woodlands_center_triple_pond,
          nzn_winding_woodlands_5x5_closed_star,
          nzn_winding_woodlands_hourglass, nzn_winding_woodlands_5x15_garden,
          nzn_winding_woodlands_5x5_default], layout_cave_pods,
          alex1729_swamp_entry_worm_eleionoma,
          nicolae_spider_entry_lesser_pyramids, chequers_serial_rivers_large_b

Skill      XL: |  1  2  3  4  5  6  7  8  9 10 11 12 13 |
---------------+----------------------------------------+-----
Unarmed Combat | 4 5 7 9 11 12 13 14 15 | 15.1
Fighting       | 3 4 6 8 9 11 12 | 12.1
Throwing       | 4 6 |  6.1
Evocations     | 4 5 |  5.0
Dodging        | |  2.4

Action                     |  1- 3 |  4- 6 |  7- 9 | 10-12 | 13-15 || total
---------------------------+-------+-------+-------+-------+-------++-------
  Melee: Unarmed           |    75 |    74 |   244 |   608 |    39 ||  1040
  Throw: Dart              |       |       |     3 |    16 |       ||    19
         Boomerang         |       |       |       |       |     8 ||     8
 Invoke: Sacrifice Durabil |       |       |     1 |       |       ||     1
         Sacrifice Essence |       |       |       |     1 |       ||     1
         Sacrifice Arcana  |       |       |       |     1 |       ||     1
         Draw Out Power    |       |       |       |     1 |       ||     1
         Sacrifice Stealth |       |       |       |     1 |       ||     1
  Evoke: Wand              |       |       |     1 |     7 |       ||     8
    Use: Scroll            |       |       |    11 |     5 |       ||    16
         Potion            |       |       |     2 |       |     1 ||     3
   Stab: Invisible         |       |       |       |     2 |       ||     2
 Armour: Robe              |    35 |    53 |   159 |       |       ||   247
         Steam dragon scal |       |       |    35 |   276 |       ||   311
         Troll leather arm |       |       |       |   168 |    51 ||   219
         Skin              |       |       |       |     3 |       ||     3
  Dodge: Dodged            |    37 |    33 |   132 |   264 |    24 ||   490

Table legend: (Time is in decaauts)
 A = Elapsed time spent in this place.
 B = Non-inter-level travel time spent in this place.
 C = Inter-level travel time spent in this place.
 D = Time resting spent in this place.
 E = Time spent auto-exploring this place.
 F = Levels seen in this place.
 G = Mean time per level.
                   A        B        C        D        E       F      G
               +--------+--------+--------+--------+--------+-----+--------+
         Total |  11946 |  11033 |    913 |   1676 |   6694 |  16 |  746.6 |
       Dungeon |  10369 |   9581 |    788 |   1513 |   5924 |  11 |  942.6 |
        Temple |     91 |     60 |     31 |     42 |      0 |   1 |   91.0 |
          Lair |   1010 |    917 |     93 |     46 |    581 |   2 |  505.0 |
       Ossuary |    240 |    240 |      0 |      0 |    146 |   1 |  240.0 |
        Bailey |    234 |    234 |      0 |     75 |     43 |   1 |  234.0 |
               +--------+--------+--------+--------+--------+-----+--------+

Top non-repeatable levels by time:
    D:11: 2129 daAuts
     D:6: 1213 daAuts
     D:7: 1105 daAuts
     D:3: 973 daAuts
    D:10: 812 daAuts
     D:5: 806 daAuts
     D:9: 775 daAuts
     D:2: 704 daAuts
     D:8: 695 daAuts
  Lair:2: 654 daAuts
     D:4: 607 daAuts
     D:1: 546 daAuts
  Lair:1: 356 daAuts
 Ossuary: 240 daAuts
  Bailey: 234 daAuts
